 Dungeon Crawl Stone Soup version 0.19-a0-599-g723c685 (webtiles) character file.

49 st0uf the Shield-Bearer (level 4, 0/37 HPs)
             Began as a Formicid Fighter on June 12, 2016.
             Succumbed to an adder's poison
             ... on level 2 of the Dungeon.
             The game lasted 00:03:28 (1181 turns).

st0uf the Shield-Bearer (Formicid Fighter)          Turns: 1181, Time: 00:03:28

Health: 0/37       AC:  7    Str: 21    XL:     4   Next: 1%
Magic:  4/4        EV: 13    Int:  8    God:
Gold:   52         SH: 10    Dex: 15    Spells: 0 memorised, 3 levels left

rFire  . . .     SeeInvis +     a - +0 war axe
rCold  . . .     Gourm    .     b - +0 scale mail
rNeg   . . .     Faith    .     c - +0 shield
rPois  .         Spirit   .     (helmet unavailable)
rElec  .         Dismiss  .     (no cloak)
rCorr  .         Reflect  .     (no gloves)
SustAt .         Harm     .     (no boots)
MR     .....                    (no amulet)
Stlth  +.........               (no ring)
                                (no ring)

@: agile, lethally poisoned (0 -> -2), not resistant to hostile enchantments,
very unstealthy
A: permanent stasis, dig shafts and tunnels, four strong arms, antennae 3
a: Dig, Shaft Self


You were on level 2 of the Dungeon.
You were not hungry.

You visited 1 branch of the dungeon, and saw 2 of its levels.

You collected 52 gold pieces.

Inventory:

Hand Weapons
 a - a +0 war axe (weapon)
 o - a +0 hunting sling
Missiles
 l - 28 stones (quivered)
 m - 10 sling bullets
Armour
 b - a +0 scale mail (worn)
 c - a +0 shield (worn)
Jewellery
 h - an uncursed ring of flight {unknown}
Scrolls
 e - a scroll of fog {unknown}
 i - a scroll of identify {unknown}
 p - 2 scrolls of magic mapping {unknown}
 q - a scroll of immolation {unknown}
Potions
 d - a potion of might
 r - a potion of agility
Comestibles
 f - 2 bread rations
 k - a meat ration


   Skills:
 + Level 3.7 Fighting
 * Level 2.5 Axes
 + Level 3.7 Armour
 + Level 0.3 Dodging
 + Level 4.2 Shields


You had 3 spell levels left.
You didn't know any spells.

Dungeon Overview and Level Annotations

Branches:
Dungeon (2/15)

Altars:
Gozag

Shops:
D:2 *


Innate Abilities, Weirdness & Mutations

You are under a permanent stasis effect.
You can dig through walls and to a lower floor.
Your four strong arms can wield two-handed weapons with a shield.
You have a pair of large antennae on your head. (SInv)


Message History

It was a potion of haste.
Your stasis keeps you stable.
* * * LOW HITPOINT WARNING * * *
You feel sick. The bat hits you but does no damage. You block the bat's attack.
Your shield and scale mail prevent you from hitting the bat.
The bat barely misses you.
You barely miss the bat.
* * * LOW HITPOINT WARNING * * *
You feel sick. You block the bat's attack.
The bat hits you but does no damage. x2
You hit the bat.
You kill the bat!
You have reached level 4!
You feel clever.
* * * LOW HITPOINT WARNING * * *
You feel sick.
Found 4 gold pieces.
You see here a bat corpse.
* * * LOW HITPOINT WARNING * * *
You feel sick.
Found a stone staircase leading up.
You die...

###.#### #. # #.....<#
##. # #......## ##.....
# #....... ........#
#......# #.......#
#......# ###.... ..
#......# #....######
#.$.@..+ +..........
#......####....######
#........†'..........
#..........##....######
#..........##...)#
#..........##....#
#..........##....#
#..........#######
..........#


There were no monsters in sight!

Vanquished Creatures
  2 adders (D:2)
  A dart slug (D:1)
  2 giant geckos (D:1)
  3 bats
  2 giant cockroaches (D:1)
  3 goblins (D:1)
  4 hobgoblins
  4 kobolds (D:1)
  A giant newt (D:1)
  3 rats
25 creatures vanquished.

Vanquished Creatures (others)
  A rat (D:1)
1 creature vanquished.

Grand Total: 26 creatures vanquished

Notes
Turn   | Place    | Note
--------------------------------------------------------------
     0 | D:1      | st0uf the Formicid Fighter began the quest for the Orb.
     0 | D:1      | Reached XP level 1. HP: 18/18 MP: 1/1
   214 | D:1      | Reached XP level 2. HP: 15/24 MP: 2/2
   710 | D:1      | Reached XP level 3. HP: 29/29 MP: 3/3
   863 | D:2      | Reached skill level 4 in Shields
  1086 | D:2      | Found Gozag's Platinum Reserve.
  1087 | D:2      | Found an opulent altar of Gozag.
  1175 | D:2      | Reached XP level 4. HP: 2/37 MP: 4/4
  1178 | D:2      | HP: 1/37 [poisoned by an adder]
  1181 | D:2      | Succumbed to an adder's poison

Vault maps used:
D:1:      nicolae_arrival_memento_mori, lemuel_old_faithful
D:2:      nicolae_gozag_zags_fifth_avenue

Skill      XL: |  1  2  3 |
---------------+----------+-----
Shields        | 4 |  4.2
Fighting       | |  3.7
Axes           | |  2.5
Armour         | |  3.7
Dodging        | |  0.3

Action                   |  1- 3 |  4- 6 || total
-------------------------+-------+-------++-------
Melee: War axe           |   103 |       ||   103
  Use: Potion            |     3 |       ||     3
  Eat: Chunk             |     1 |       ||     1
Armor: Scale mail        |    41 |       ||    41
Dodge: Dodged            |    32 |       ||    32
Block: Shield            |    48 |       ||    48
